 Dungeon Crawl Stone Soup version 0.30.0-17-ge0270778cf (webtiles) character file.

Game seed: 919001424323098340

32 Diggabert the Cudgeller (level 3, 0/24 HPs)
             Began as an Octopode Gladiator on May 22, 2023.
             Slain by a goblin
             ... wielding a +0 club
             ... led by Robin
              (7 damage)
             ... on level 2 of the Dungeon.
             The game lasted 00:01:40 (872 turns).

Diggabert the Cudgeller (Octopode Gladiator)         Turns: 872, Time: 00:01:41

Health: 0/24       AC:  1    Str: 15    XL:     3   Next: 27%
Magic:  3/3        EV: 14    Int: 10    God:
Gold:   44         SH:  0    Dex: 13    Spells: 2/2 levels left

rFire   . . .        a - +0 flail
rCold   . . .        (no shield)
rNeg    . . .        b - +0 hat
rPois   .            (no amulet)
rElec   .            (no ring)
rCorr   .            (no ring)
SInv    .            (no ring)
Will    .....        (no ring)
Stlth   ++           (no ring)
HPRegen 0.24/turn    (no ring)
MPRegen 0.08/turn    (no ring)
                     (no ring)

%: no passive effects
@: no status effects
A: almost no armour, amphibious, 8 rings, camouflage 1, gelatinous body 1,
(nimble swimmer 1), tentacles
a: no special abilities


You were on level 2 of the Dungeon.
You visited 1 branch of the dungeon, and saw 2 of its levels.

You collected 44 gold pieces.

Inventory:

Hand Weapons
 a - a +0 flail (weapon)
Missiles
 c - 3 throwing nets (quivered)
 d - a javelin
Armour
 b - a +0 hat (worn)
Scrolls
 g - a scroll of noise {unknown}
 h - a scroll of teleportation {unknown}
 i - a scroll of poison {unknown}
 j - a scroll of amnesia {unknown}
 k - a scroll of identify {unknown}
Potions
 e - a potion of magic {unknown}
 f - a potion of attraction {unknown}


   Skills:
 * Level 2.1 Fighting
 * Level 3.7 Maces & Flails
 - Level 2.0 Throwing
 * Level 3.5 Dodging


You had 2 spell levels left.
You didn't know any spells.
Your spell library contained the following spells:

 Spells                   Type           Power      Damage    Failure   Level
 Cigotuvi's Dreadful Rot  Necr/Pois/Air  0%         N/A       50%         2
 Ignite Poison            Fire/Tmut/Pois 0%         N/A       75%         3
 Freezing Cloud           Conj/Ice/Air   0%         6-21      100%        5


Dungeon Overview and Level Annotations

Branches:
Dungeon (2/15)

Altars:

Shops:
D:1 =

Annotations:
D:2 Robin


Innate Abilities, Weirdness & Mutations

You cannot wear most types of armour.
You are amphibious.
You can wear up to eight rings at the same time.
Your skin changes colour to match your surroundings (Stealth+).
Your rubbery body absorbs attacks. (AC +1, EV +1)
((You are camouflaged when in or above water. (Stealth+)))
You have tentacles for arms and can constrict up to eight enemies at once.


Message History

No target in view!
No target in view!
No target in view!
You see here a jackal corpse. 2 goblins come into view. 2 goblins come into view.
The goblin shouts!
You hear a shout!
The goblin shouts!
You hear a shout! x2 2 goblins come into view.
The goblin shouts!
You hear a shout!
The goblin shouts!
Robin, a hobgoblin and 2 goblins come into view.
Robin is wielding a +0 mace of protection.
Found a stone staircase leading down.
A goblin comes into view. It is wielding a +0 club.
The goblin misses you.
A goblin comes into view. It is wielding a +0 dagger.
Robin says, "Feeling lonely?"
Robin throws the goblin at you! The goblin attacks as you move away!
The goblin completely misses you.
Robin roars a battlecry!
The goblins go into a battle-frenzy!
The goblin attacks as you move away! The goblin closely misses you.
You hit the goblin.
You kill the goblin!
The goblin hits you but does no damage.
You sock the goblin!
You kill the goblin!
You closely miss the goblin. Your grab misses the goblin.
The goblin hits you with a +0 dagger.
You closely miss the goblin. You grab the goblin. You squeeze the goblin.
You kill the goblin!
You completely miss the goblin. You grab the goblin. You squeeze the goblin.
You kill the goblin!
You hit the goblin.
You kill the goblin!
The goblin hits you with a +0 club. Robin throws the goblin at you!
You closely miss the goblin. Your grab misses the goblin.
The goblin hits you with a +0 club.
* * * LOW HITPOINT WARNING * * *
The goblin hits you with a +0 club!
You die...

#.## gg>.
#..# #gg#
#gg# #..#
#..#
#gg#####.#
#.gg@g...#
##.#######
#.# #.#
#.# #.#
#.# #.#
#.#


You could see Robin and 4 goblins.

Vanquished Creatures
  2 bats
  An endoplasm (D:2)
  A giant cockroach (D:1)
  9 goblins
  A hobgoblin (D:1)
  5 jackals
  5 ball pythons (D:1)
  A frilled lizard (D:1)
  A kobold (D:1)
  2 rats (D:1)
28 creatures vanquished.

Notes
Turn   | Place    | Note
-------+----------+-------------------------------------------
     0 | D:1      | Diggabert the Octopode Gladiator began the quest for the
                  | Orb.
     0 | D:1      | Reached XP level 1. HP: 14/14 MP: 1/1
    86 | D:1      | Found a faded altar of an unknown god.
   259 | D:1      | Reached XP level 2. HP: 19/19 MP: 2/2
   347 | D:1      | Found Ocuiceig's Jewellery Boutique.
   844 | D:2      | Reached XP level 3. HP: 23/24 MP: 3/3
   862 | D:2      | Noticed Robin
   872 | D:2      | Slain by a goblin

Illustrated notes

Levels and vault maps discovered:
D:1:      sevenhm_arrival_forest_fort_small_5, layout_loops_ring,
          shapermc_ecumenical_altar_notcrosses, serial_shops,
          nicolae_shop_window_shopping
D:2:      minmay_spotlight, layout_basic, serial_shops, shop, basic_altar,
          uniq_robin

Action                     || total
---------------------------++-------
  Melee: Flail             ||    47
         Constrict         ||    12
         Punch             ||     1
         Tentacles         ||     4
   Stab: Sleeping          ||     4
 Armour: Skin              ||     5
  Dodge: Dodged            ||    36
